 Dungeon Crawl Stone Soup version 0.21-a0-401-g0b6bec4 (webtiles) character file.

3 slep the Magician (level 1, 0/13 HPs)
             Began as a Demonspawn Wanderer on Oct 21, 2017.
             Slain by a jackal (1 damage)
             ... on level 1 of the Dungeon.
             The game lasted 00:01:48 (150 turns).

slep the Magician (Demonspawn Wanderer)              Turns: 150, Time: 00:01:48

Health: 0/13       AC:  6    Str: 14    XL:     1   Next: 41%
Magic:  6/6        EV:  8    Int: 14    God:
Gold:   22         SH:  0    Dex:  9    Spells: 9/10 levels left

rFire    . . .     SeeInvis .   d - +0 club
rCold    . . .     Gourm    .   (no shield)
rNeg     . . .     Faith    .   e - +0 scale mail
rPois    .         Spirit   .   (no helmet)
rElec    .         Reflect  .   (no cloak)
rCorr    .         Harm     .   (no gloves)
MR       .....                  (no boots)
Stlth    ..........             (no amulet)
HPRegen  0.04/turn              (no ring)
MPRegen  0.10/turn              (no ring)

@: no status effects
A: no striking features
a: no special abilities


You were on level 1 of the Dungeon.
You were not hungry.

You visited 1 branch of the dungeon, and saw 1 of its levels.

You collected 22 gold pieces.

Inventory:

Hand Weapons
 d - a +0 club (weapon)
Armour
 c - a +0 robe
 e - a +0 scale mail (worn)
Potions
 b - 2 potions of lignification
Books
 a - a book of Minor Magic

   Spells                             Type                      Level
   a - Magic Dart                     Conjuration                  1
   b - Blink                          Translocation                2
   c - Call Imp                       Summoning                    2
   d - Slow                           Hexes                        2
   e - Conjure Flame                  Conjuration/Fire             3
   f - Mephitic Cloud                 Conjuration/Poison/Air       3
Comestibles
 f - a bread ration
 g - a meat ration


   Skills:
 + Level 0.1 Armour
 + Level 1.0 Stealth
 + Level 5.1 Spellcasting
   Level 1.1 Necromancy
   Level 2.0 Poison Magic
   Level 1.0 Evocations


You had 9 spell levels left.
You knew the following spells:

 Your Spells              Type           Power        Failure   Level  Hunger
a - Magic Dart            Conj           #...         61%         1    None


Dungeon Overview and Level Annotations

Branches:
Dungeon (1/15)

Altars:


Message History

The jackal closely misses you.
Your scale mail prevents you from hitting the jackal.
Your scale mail prevents you from hitting the jackal.
The jackal closely misses you.
The jackal bites you but does no damage.
You closely miss the jackal. The jackal bites you.
* * * LOW HITPOINT WARNING * * *
The jackal bites you but does no damage.
You closely miss the jackal.
The jackal bites you but does no damage.
You closely miss the jackal. The jackal barely misses you.
The jackal bites you.
* * * LOW HITPOINT WARNING * * *
You hit the jackal but do no damage.
The jackal bites you but does no damage. x2
You hit the jackal.
The jackal is heavily wounded.
The jackal bites you but does no damage.
The jackal bites you.
You die...

###.###.##.# ##...>.##
#..........# ##...## #.#####.####
##'## #.# #.# #.# #####.### #.#
########.# #.#.#.#.###.#
#........####### ##.#.#.#.##.#
#.#####...)....#
##.#.#.#.###.#####l####.....###.#
..#.#.#.#.##....@hhh.###...##
#..#.#<#.#########h.......#####.
###.#.#.#.# ###............
#.#.#.#.## #####..#####.
##.#.#.#.# #..# #########
#..#####) #.h.>.l.. ##.###### .#


You could see 4 jackals and a frilled lizard.

Vanquished Creatures
  2 hobgoblins (D:1)
  A kobold (D:1)
3 creatures vanquished.

Vanquished Creatures (others)
  2 giant cockroaches (D:1)
  A frilled lizard (D:1)
  A kobold (D:1)
4 creatures vanquished.

Grand Total: 7 creatures vanquished

Notes
Turn   | Place    | Note
-------+----------+-------------------------------------------
     0 | D:1      | slep the Demonspawn Wanderer began the quest for the Orb.
     0 | D:1      | slep set off with: a book of Minor Magic, 2 potions of lignification, a +0 robe, a +0 club, a bread ration
     0 | D:1      | Reached XP level 1. HP: 13/13 MP: 6/6
    80 | D:1      | Learned a level 1 spell: Magic Dart
   150 | D:1      | Slain by a jackal

Vault maps used:
D:1:      lightli_arrival_chessboard, lemuel_flame_loot_1

Action                   || total
-------------------------++-------
Melee: Club              ||    27
Armor: Scale mail        ||    13
       Robe              ||     2
Dodge: Dodged            ||    13

Table legend:
 A = Spawn XP
 B = Non-spawn XP
 C = Spawn XP percentage of total XP
 D = Spawn monster count
 E = Non-spawn monster count
 F = Spawn count percentage of total count
 G = Total turns spent on level
                    A         B        C        D         E        F      G
               +---------+---------+-------+---------+---------+-------+---------
         Total |       0 |       5 |   0.0 |       0 |       3 |   0.0 |   150
               +---------+---------+-------+---------+---------+-------+---------
           D:1 |       0 |       5 |   0.0 |       0 |       3 |   0.0 |   150
               +---------+---------+-------+---------+---------+-------+---------
